 Dungeon Crawl Stone Soup version 0.29-a0-617-g7a6b98fccd (webtiles) character file.

Game seed: 3118575776496829367

2860 jifgo the Conjurer (level 9, -2/75 HPs)
             Began as a Demigod Conjurer on June 18, 2022.
             Slain by a wyvern zombie (8 damage)
             ... in an ossuary.
             The game lasted 00:19:54 (9444 turns).

jifgo the Conjurer (Demigod Conjurer)               Turns: 9444, Time: 00:19:55

Health: -2/75      AC:  3    Str: 11    XL:     9   Next: 23%
Magic:  3/21       EV: 12    Int: 27    God:
Gold:   472        SH:  0    Dex: 16    Spells: 6/20 levels left

rFire   . . .      SeeInvis +   q - +4 dagger (freeze)
rCold   . . .      Faith    .   (no shield)
rNeg    . . .      Spirit   .   a - +0 robe
rPois   .          Reflect  .   (no helmet)
rElec   .          Harm     .   (no cloak)
rCorr   .          Rampage  .   v - +0 pair of gloves
Will    +....                   (no boots)
Stlth   ++++......              (no amulet)
HPRegen 0.22/turn               i - ring of willpower
MPRegen 0.17/turn               c - ring of see invisible

@: mighty
A: high MP 1, forlorn, divine attributes, camouflage 1, agile 1
a: no special abilities


You were in an ossuary.
You visited 1 branch of the dungeon, and saw 8 of its levels.
You also visited: Ossuary.

You collected 472 gold pieces.

Inventory:

Hand Weapons
 q - a +4 dagger of freezing (weapon)
 A - a +2 long sword of protection
 F - a +5 falchion
Missiles
 n - 3 javelins
 y - 6 boomerangs
 z - 5 poisoned darts
Armour
 a - a +0 robe (worn)
 r - the +0 cloak of Elyvilon's Favour {rElec rF+ Str-5 Int+3}
   (You found it on level 3 of the Dungeon)

   Str:       It affects your strength (-5).
   Int:       It affects your intelligence (+3).
   rF:        It protects you from fire.
   rElec:     It insulates you from electricity.
 v - a +0 pair of gloves (worn)
 x - a +0 troll leather armour {Pargi}
Jewellery
 c - a ring of see invisible (right hand)
 i - a ring of willpower (left hand)
 p - a ring of protection from cold
Wands
 o - a wand of iceblast (20)
 B - a wand of charming (11)
Scrolls
 d - 3 scrolls of enchant weapon {unknown}
 e - 2 scrolls of noise {unknown}
 g - 2 scrolls of teleportation {unknown}
 l - a scroll of enchant armour {unknown}
 t - a scroll of brand weapon
 w - 2 scrolls of fear {unknown}
 C - a scroll of vulnerability {unknown}
 E - a scroll of immolation
 G - 2 scrolls of blinking {unknown}
 H - a scroll of amnesia {unknown}
Potions
 b - a potion of magic
 f - 2 potions of curing
 h - 8 potions of attraction
 j - 2 potions of berserk rage
 m - a potion of invisibility
 s - a potion of mutation
 u - 4 potions of lignification {unknown}
 D - a potion of resistance


   Skills:
 + Level 6.1 Fighting
 - Level 1.7 Dodging
 + Level 5.9 Stealth
 + Level 6.0 Spellcasting
 + Level 7.3 Conjurations


You had 6 spell levels left.
You knew the following spells:

 Your Spells              Type           Power      Damage    Failure   Level
a - Searing Ray           Conj           94%        2d7       1%          2
b - Fulminant Prism       Conj/Hex       13%        3d9       14%         4
c - Iskenderun's Mystic   Conj/Tloc      27%        2d7       14%         4
g - Mephitic Cloud        Conj/Pois/Air  21%        N/A       7%          3
x - Magic Dart            Conj           100%       1d8       1%          1

Your spell library contained the following spells:

 Spells                   Type           Power      Damage    Failure   Level
 Dazzling Flash           Conj/Hex       54%        N/A       4%          3
 Beastly Appendage        Tmut           16%        N/A       6%          1
 Sting                    Tmut/Pois      32%        1d4       6%          1
 Call Imp                 Summ           8%         N/A       10%         2
 Poisonous Vapours        Pois/Air       16%        N/A       10%         2
 Wereblood                Tmut           8%         N/A       10%         2
 Ozocubu's Armour         Ice            8%         N/A       19%         3
 Spider Form              Tmut/Pois      8%         N/A       19%         3
 Olgreb's Toxic Radiance  Pois           8%         N/A       54%         4
 Ozocubu's Refrigeration  Ice            4%         4d5       100%        7


Dungeon Overview and Level Annotations

Branches:
Dungeon (8/15)             Temple (0/1) D:5         Ossuary (1/1)
   Lair: D:8-11

Annotations:
D:3 3 runed translucent doors, turdburglar's ghost, amateur MfIE
D:7 1 runed translucent door, xian's ghost, novice DrFi


Innate Abilities, Weirdness & Mutations

You have an increased reservoir of magic. (+10% MP)
You shall have no god before yourself.
Your divine heritage dramatically boosts your attributes as you level up.
Your skin changes colour to match your surroundings (Stealth+).
You are agile. (Dex +4, Int/Str-1)


Message History

Unknown command.
The wyvern zombie attacks as you move away!
The wyvern zombie bites you! The wyvern zombie barely misses you.
The wyvern zombie attacks as you move away!
The wyvern zombie bites you but does no damage.
The bullfrog zombie hits you. The wyvern zombie bites you!
* * * LOW HITPOINT WARNING * * *
2 mummies come into view.
The bullfrog zombie hits you.
* * * LOW HITPOINT WARNING * * *
The wyvern zombie barely misses you. The bullfrog zombie hits you.
* * * LOW HITPOINT WARNING * * *
The mummy moves out of view.
There is an open door here.
The wyvern zombie attacks as you move away!
The wyvern zombie closely misses you.
The bullfrog zombie attacks as you move away!
The bullfrog zombie barely misses you.
The wyvern zombie completely misses you.
Unknown command.
The wyvern zombie attacks as you move away!
The wyvern zombie closely misses you.
There is an open door here.
Unknown command.
Unknown command.
You barely miss the wyvern zombie.
The wyvern zombie is heavily damaged.
The wyvern zombie bites you!
* * * LOW HITPOINT WARNING * * *
The wyvern zombie bites you!
* * * LOW HITPOINT WARNING * * *
It was a potion of curing.
You feel better. The wyvern zombie bites you!
* * * LOW HITPOINT WARNING * * *
It was a potion of might.
You feel very mighty all of a sudden. The wyvern zombie barely misses you.
You feel better. The wyvern zombie bites you!
* * * LOW HITPOINT WARNING * * *
The wyvern zombie bites you!
You die...

'. #.M
'.# #.#
+.'
###M#####
#.'Z#..∩#
###M'.∩.#
#@ZZ#...#
###.#####
+...
#'#+# #.#
###


You could see a mummy and 2 wyvern zombies.

Vanquished Creatures
  A water moccasin (D:8)
  Pargi (D:4)
  A sky beast (D:6)
  An ice beast (D:8)
  A black bear (D:6)
  A centaur (D:7)
  A kobold brigand (D:7)
  5 bullfrogs
  A necrophage (D:7)
  2 scorpions (D:6)
  A wyvern zombie (Ossuary)
  8 wights (D:7)
  6 killer bees
  3 howler monkeys
  A centaur zombie (Ossuary)
  5 hounds
  3 jellies
  An orc priest (D:5)
  Terence (D:2)
  6 iguanas
  An orc wizard (D:8)
  Ijyb (D:5)
  A howler monkey zombie (Ossuary)
  4 mummies (Ossuary)
  4 gnolls (D:2)
  7 river rats (D:5)
  7 adders
  2 shadow imps (D:7)
  An ufetubus (D:5)
  6 dart slugs
  11 orcs
  7 ball pythons
  7 bats
  4 endoplasms
  5 giant cockroaches
  6 goblins
  10 hobgoblins
  16 kobolds
  10 quokkas
  3 frilled lizards
  18 rats
181 creatures vanquished.

Vanquished Creatures (others)
  10 plants (D:2)
  5 withered plants (Ossuary)
15 creatures vanquished.

Grand Total: 196 creatures vanquished

Notes
Turn   | Place    | Note
-------+----------+-------------------------------------------
     0 | D:1      | jifgo the Demigod Conjurer began the quest for the Orb.
     0 | D:1      | Reached XP level 1. HP: 14/14 MP: 5/5
   242 | D:1      | Reached XP level 2. HP: 22/22 MP: 0/7
   399 | D:1      | Reached skill level 1 in Fighting
  1133 | D:2      | Reached skill level 4 in Conjurations
  1136 | D:2      | Learned a level 2 spell: Searing Ray
  1374 | D:2      | Reached XP level 3. HP: 26/28 MP: 5/9
  1504 | D:2      | Noticed Terence
  1511 | D:2      | Gained mutation: You are agile. (Dex +4, Int/Str-1) [potion
                  | of mutation]
  1511 | D:2      | Gained mutation: Your skin changes colour to match your
                  | surroundings (Stealth+). [potion of mutation]
  1513 | D:2      | Killed Terence
  1937 | D:2      | Reached XP level 4. HP: 36/36 MP: 6/10
  2148 | D:2      | Learned a level 3 spell: Mephitic Cloud
  2848 | D:3      | Noticed turdburglar's ghost (amateur MfIE)
  2850 | D:3      | Noticed a phantom
  2885 | D:3      | Found a runed translucent gate.
  2885 | D:3      | Found a runed translucent gate.
  2885 | D:3      | Found a runed translucent gate.
  2927 | D:3      | Identified the +0 cloak of Elyvilon's Favour {rElec rF+
                  | Str-5 Int+3}
  3367 | D:4      | Reached XP level 5. HP: 42/42 MP: 4/12
  3940 | D:4      | Noticed Pargi
  3962 | D:4      | Killed Pargi
  4116 | D:4      | Reached skill level 5 in Conjurations
  4116 | D:4      | Reached XP level 6. HP: 48/51 MP: 8/14
  4411 | D:5      | Entered Level 5 of the Dungeon
  4589 | D:5      | Noticed Ijyb
  4937 | D:5      | Learned a level 4 spell: Iskenderun's Mystic Blast
  5174 | D:5      | Reached XP level 7. HP: 47/58 MP: 5/16
  5467 | D:5      | Learned a level 4 spell: Fulminant Prism
  5532 | D:5      | Found a staircase to the Ecumenical Temple.
  5595 | D:5      | Killed Ijyb
  6259 | D:6      | Reached skill level 6 in Conjurations
  6884 | D:6      | Reached XP level 8. HP: 62/67 MP: 6/18
  7100 | D:7      | Noticed xian's ghost (novice DrFi)
  7103 | D:7      | Found a runed translucent door.
  7134 | D:7      | Reached skill level 5 in Fighting
  7134 | D:7      | Reached skill level 5 in Spellcasting
  7829 | D:7      | Reached skill level 5 in Stealth
  9036 | D:8      | Reached skill level 7 in Conjurations
  9036 | D:8      | Reached XP level 9. HP: 66/75 MP: 12/21
  9315 | D:8      | Found a sand-covered staircase.
  9320 | Ossuary  | Entered an ossuary
  9444 | Ossuary  | Slain by a wyvern zombie

Illustrated notes

Levels and vault maps discovered:
D:1:      minmay_arrival_stair_chambers, layout_loops_ring
D:2:      layout_loops_ring, shapermc_ecumenical_altar_totnotflames,
          nicolae_grassy_gnolls, uniq_terence
D:3:      layout_rooms, gammafunk_ghost_split, chequers_serial_rivers_marsh
D:4:      layout_cave_pods, uniq_pargi
D:5:      lemuel_ratsnest, layout_rooms, minmay_temple_entry_statues,
          serial_corexii_hall, chequers_hall_statues_wall_a,
          corexii_hall_statues_t, uniq_ijyb
D:6:      layout_basic, gammafunk_temple_overflow_pools
D:7:      layout_basic, kennysheep_mini_moat, hellmonk_ghost_happy_afterlife,
          minmay_hedge_maze, dreamdust_wishing_well, uniq_crazy_yiuf_cottage
D:8:      layout_loops_corners, enter_ossuary_5, minmay_stone_trees_medium,
          nicolae_water_bricks, uniq_maurice
Ossuary:  ossuary_zaba_flooded

Skill      XL: |  1  2  3  4  5  6  7  8  9 |
---------------+----------------------------+-----
Spellcasting   | 2 3 4 5 6 |  6.0
Fighting       | 1 2 3 4 5 6 |  6.1
Conjurations   | 4 5 6 7 |  7.3
Stealth        | 2 4 5 |  5.9
Dodging        | |  1.7

Action                   |  1- 3 |  4- 6 |  7- 9 || total
-------------------------+-------+-------+-------++-------
Melee: Unarmed           |     8 |       |       ||     8
       Short sword       |     8 |       |       ||     8
       Dagger            |       |    54 |    20 ||    74
       Punch             |       |     1 |       ||     1
 Cast: Magic Dart        |    75 |   163 |   144 ||   382
       Searing Ray       |     3 |     2 |    36 ||    41
       Mephitic Cloud    |       |     1 |       ||     1
       Iskenderun's Myst |       |       |     3 ||     3
  Use: Potion            |     1 |       |     3 ||     4
       Scroll            |       |       |     7 ||     7
 Stab: Confused          |       |     1 |       ||     1
       Sleeping          |       |     1 |     1 ||     2
Armor: Robe              |     6 |     4 |     9 ||    19
       Troll leather arm |       |    21 |    11 ||    32
Dodge: Dodged            |    13 |    62 |    79 ||   154

Table legend: (Time is in decaauts)
 A = Elapsed time spent in this place.
 B = Non-inter-level travel time spent in this place.
 C = Inter-level travel time spent in this place.
 D = Time resting spent in this place.
 E = Time spent auto-exploring this place.
 F = Levels seen in this place.
 G = Mean time per level.
                   A        B        C        D        E       F      G
               +--------+--------+--------+--------+--------+-----+--------+
         Total |   9445 |   9105 |    340 |   2256 |   5193 |   9 | 1049.4 |
       Dungeon |   9321 |   8981 |    340 |   2186 |   5188 |   8 | 1165.1 |
       Ossuary |    123 |    123 |      0 |     70 |      5 |   1 |  123.0 |
               +--------+--------+--------+--------+--------+-----+--------+

Top non-repeatable levels by time:
     D:7: 1850 daAuts
     D:2: 1391 daAuts
     D:4: 1358 daAuts
     D:6: 1316 daAuts
     D:5: 1236 daAuts
     D:1: 1124 daAuts
     D:3: 725 daAuts
     D:8: 319 daAuts
 Ossuary: 123 daAuts
